 Dungeon Crawl Stone Soup version 0.23-a0-4-g8f018a2 (webtiles) character file.

8004 prawnwizard the Carver (level 11, -1/87 HPs)
             Began as a Demonspawn Gladiator on July 31, 2018.
             Slain by a white ugly thing (19 damage)
             ... on level 11 of the Dungeon.
             The game lasted 00:13:19 (10502 turns).

prawnwizard the Carver (Demonspawn Gladiator)      Turns: 10502, Time: 00:13:20

Health: -1/87      AC: 13    Str: 17    XL:     11   Next: 4%
Magic:  11/11      EV: 16    Int:  9    God:
Gold:   513        SH:  0    Dex: 16    Spells: 10/10 levels left

rFire    + . .     SeeInvis +   S - +0 falchion
rCold    . . .     Gourm    .   (no shield)
rNeg     . . .     Faith    .   D - +0 ring mail
rPois    .         Spirit   .   c - +0 helmet
rElec    .         Reflect  .   L - +0 cloak
rCorr    .         Harm     +   (no gloves)
MR       .....                  C - +2 pair of boots
Stlth    +.........             t - amulet of harm
HPRegen  0.24/turn              u - ring of see invisible
MPRegen  0.12/turn              J - ring of protection from fire

@: no status effects
A: claws 1, thin metallic scales 2, demonic guardian 2, spiny 1
a: no special abilities


You were on level 11 of the Dungeon.
You were very hungry.

You visited 1 branch of the dungeon, and saw 11 of its levels.

You collected 513 gold pieces.

Inventory:

Hand Weapons
 a - a +0 long sword
 Q - a +0 long sword
 S - a +0 falchion (weapon)
Missiles
 d - 5 throwing nets (quivered)
Armour
 b - a +0 leather armour
 c - a +0 helmet (worn)
 C - a +2 pair of boots (worn)
 D - a +0 ring mail (worn)
 L - a +0 cloak (worn)
 P - a +0 plate armour
Jewellery
 t - an amulet of harm (around neck)
 u - a ring of see invisible (left claw)
 J - a ring of protection from fire (right claw)
 R - an uncursed ring of fire {unknown}
Wands
 z - a wand of digging (13)
 G - a wand of flame (29)
 H - a wand of paralysis (4)
 T - a wand of iceblast (4)
Scrolls
 e - 3 scrolls of magic mapping
 h - 3 scrolls of remove curse
 i - 9 scrolls of identify {unknown}
 m - 2 scrolls of immolation {unknown}
 o - 2 scrolls of teleportation {unknown}
 s - 2 scrolls of blinking {unknown}
 y - 2 scrolls of noise {unknown}
 A - 2 scrolls of silence {unknown}
 E - 2 scrolls of fear {unknown}
 F - a scroll of enchant armour {unknown}
 I - a scroll of summoning {unknown}
 K - 2 scrolls of enchant weapon {unknown}
 M - 2 scrolls of random uselessness {unknown}
 N - 2 scrolls of amnesia {unknown}
Potions
 g - 4 potions of might {unknown}
 j - 2 potions of lignification {unknown}
 k - a potion of cancellation {unknown}
 l - 3 potions of haste
 n - 2 potions of magic {unknown}
 p - a potion of flight {unknown}
 q - a potion of heal wounds {unknown}
 r - 5 potions of degeneration {unknown}
 v - 4 potions of brilliance {unknown}
 w - a potion of ambrosia {unknown}
 x - a potion of agility {unknown}
 B - 4 potions of curing {unknown}
 O - a potion of mutation {unknown}
Comestibles
 f - 17 rations


   Skills:
 + Level 8.8 Fighting
 * Level 11.3 Long Blades
 - Level 1.7 Throwing
 + Level 8.4 Dodging


You had 10 spell levels left.
You didn't know any spells.
Your spell library contained the following spells:

 Spells                   Type           Power        Failure   Level  Hunger
 Confuse                  Hex            #.......     92%         3    ####...
 Animate Dead             Necr           N/A          100%        4    #####..
 Pain                     Necr           #...         58%         1    ##.....
 Animate Skeleton         Necr           N/A          58%         1    ##.....
 Vampiric Draining        Necr           #.........   92%         3    ####...
 Regeneration             Chrm/Necr      #.........   92%         3    ####...
 Spider Form              Tmut/Pois      #.........   92%         3    ####...
 Blade Hands              Tmut           #.........   100%        5    ######.
 Ice Form                 Ice/Tmut       #.......     100%        4    #####..
 Confusing Touch          Hex            #.....       58%         1    ##.....
 Sticks to Snakes         Tmut           #.......     75%         2    ###....
 Metabolic Englaciation   Hex/Ice        #.........   100%        5    ######.
 Petrify                  Tmut/Erth      #.......     100%        4    #####..
 Beastly Appendage        Tmut           #.....       58%         1    ##.....
 Gell's Gravitas          Tloc           #.........   92%         3    ####...
 Yara's Violent Unravell  Hex/Tmut       #.........   100%        5    ######.


Dungeon Overview and Level Annotations

Branches:
Dungeon (11/15)              Lair (0/6) D:11            Orc (0/2) D:9
 Temple: D:4-7

Altars:
Okawaru
The Shining One

Annotations:
D:3 2 transporters, contendunt's ghost, amateur MiFi


Innate Abilities, Weirdness & Mutations

You have sharp fingernails.
You are mostly covered in thin metallic scales. (AC +3)
A demonic guardian rushes to your aid.
You are partially covered in sharp spines.


Message History

The centaur wields a shortbow.
The centaur shoots an arrow.
The arrow hits you but does no damage.
The centaur unwields an uncursed shortbow.
The centaur barely misses your smoke demon.
The white ugly thing is struck by your spines.
The white ugly thing gores you. The white ugly thing freezes you!!
The porcupine bites the fungus!
The centaur hits the plant.
The centaur shoots an arrow.
The arrow hits your ice devil.
The centaur shoots an arrow.
The arrow barely misses you.
The centaur wields an uncursed shortbow.
The centaur shoots an arrow.
The arrow hits your smoke demon!
Your smoke demon gestures at the white ugly thing.
The white ugly thing is smitten.
The porcupine bites the fungus!
The centaur hits the plant!
The white ugly thing is struck by your spines.
The white ugly thing gores you!
* * * LOW HITPOINT WARNING * * *
The white ugly thing freezes you!
You die...

P.PP.P.PPPP...P.#### #
P..P..PPPPPPPPP.....### #
..P..PPPP..P.P.P..#...###
.P..P.>PP..PP.....###....
....rrP.P..PPP...###.....
PP.PccPPcP.PP..P.###.....
PPP.PP4P†PP†P.P........÷#
.PPP..cu(PPP..P..####..<#
..PP.PP3@PP...†...#...#..
(..PP.cP.†.P.....>.......
.P..P.P......#########...
..?..PPP......... ....
........(....#### #....
....##...###.# #.#.. ....
##.## #.# ..... ... #..
#.# #.#### ## .#


You could see a white ugly thing, 5 centaurs, 2 porcupines, a friendly ice devil
and a friendly smoke demon.

Vanquished Creatures
  Psyche (D:8)
  A troll (D:10)
  Prince Ribbit (D:7)
  3 wraiths (D:10)
  A hungry ghost (D:7)
  2 water moccasins (D:11)
  2 sky beasts
  3 ice beasts
  A black bear (D:8)
  2 orc warriors
  3 ogres (D:9)
  3 phantoms
  3 centaurs
  A crocodile (D:10)
  6 big kobolds
  7 bullfrogs
  A gnoll sergeant (D:10)
  4 killer bees (D:10)
  2 scorpions
  5 wights
  A howler monkey (D:5)
  A centaur zombie (D:5)
  A crimson imp (D:10)
  A quasit (D:10)
  A bullfrog zombie (D:11)
  4 hounds
  An orc priest (D:9)
  2 iguanas
  4 orc wizards
  Natasha (twice) (D:3)
  6 worker ants
  A hound skeleton (D:10)
  A howler monkey zombie (D:8)
  A worker ant zombie (D:2)
  6 gnolls
  8 adders
  A shadow imp (D:6)
  An ooze (D:6)
  An adder skeleton (D:8)
  3 worms
  A dart slug (D:3)
  7 leopard geckos
  27 orcs
  2 ball pythons
  4 bats (D:1)
  3 giant cockroaches
  8 goblins
  8 hobgoblins
  2 jackals (D:8)
  23 kobolds
  4 quokkas
  7 frilled lizards
  A jackal skeleton (D:7)
  4 rats
200 creatures vanquished.

Vanquished Creatures (collateral kills)
  Harold (D:7)
  Josephine (D:10)
  A two-headed ogre (D:8)
  Pikel (D:6)
  A kobold demonologist (D:8)
  A hippogriff (D:11)
  Edmund (D:6)
  An acid dragon (D:11)
  A water moccasin (D:11)
  A porcupine (D:11)
  2 ice beasts (D:7)
  A slave (D:6)
  5 orc warriors
  A centaur (D:5)
  2 big kobolds (D:8)
  2 bullfrogs (D:11)
  4 wights
  A bullfrog zombie (D:7)
  2 centaur skeletons
  An orc wizard (D:7)
  A killer bee zombie (D:6)
  A shadow imp (D:7)
  10 orcs
  A kobold (D:8)
  A plant (D:11)
45 creatures vanquished.

Vanquished Creatures (others)
  14 fungi (D:11)
14 creatures vanquished.

Grand Total: 259 creatures vanquished

Notes
Turn   | Place    | Note
-------+----------+-------------------------------------------
     0 | D:1      | prawnwizard the Demonspawn Gladiator began the quest for the Orb.
     0 | D:1      | Reached XP level 1. HP: 16/16 MP: 1/1
   301 | D:1      | Reached skill level 3 in Long Blades
   319 | D:1      | Gained mutation: You are partially covered in sharp spines. [demonic ancestry]
   319 | D:1      | Reached XP level 2. HP: 22/22 MP: 2/2
   865 | D:1      | Gained mutation: A weak demonic guardian rushes to your aid. [demonic ancestry]
   865 | D:1      | Reached XP level 3. HP: 21/28 MP: 3/3
  1449 | D:2      | Gained mutation: You are partially covered in thin metallic scales. (AC +2) [demonic ancestry]
  1449 | D:2      | Reached XP level 4. HP: 22/34 MP: 4/4
  2169 | D:3      | Found a transporter.
  2170 | D:3      | Noticed an ogre
  2171 | D:3      | Noticed contendunt's ghost (amateur MiFi)
  2175 | D:3      | Found a transporter.
  2176 | D:3      | Noticed an ogre
  2183 | D:3      | Noticed Natasha
  2191 | D:3      | Killed Natasha
  2191 | D:3      | Reached skill level 4 in Long Blades
  2244 | D:3      | Noticed Natasha
  2259 | D:3      | Killed Natasha
  2259 | D:3      | Reached XP level 5. HP: 17/41 MP: 5/5
  3559 | D:4      | Noticed a two-headed ogre
  3561 | D:4      | HP: 2/41 [two-headed ogre/giant club (25)]
  3644 | D:5      | Entered Level 5 of the Dungeon
  3865 | D:5      | Gained mutation: A demonic guardian rushes to your aid. [demonic ancestry]
  3865 | D:5      | Reached XP level 6. HP: 35/47 MP: 6/6
  3931 | D:5      | Reached skill level 5 in Long Blades
  4505 | D:6      | Reached XP level 7. HP: 31/54 MP: 7/7
  4555 | D:6      | Noticed Pikel
  4600 | D:6      | Killed Pikel
  4600 | D:6      | Reached skill level 6 in Long Blades
  4989 | D:6      | Noticed Edmund
  4995 | D:6      | Killed Edmund
  4995 | D:6      | Reached skill level 5 in Dodging
  4995 | D:6      | Gained mutation: You are mostly covered in thin metallic scales. (AC +3) [demonic ancestry]
  4995 | D:6      | Reached XP level 8. HP: 26/61 MP: 8/8
  5319 | D:6      | Found an iron altar of Okawaru.
  5391 | D:6      | Reached skill level 5 in Fighting
  5426 | D:6      | Reached skill level 7 in Long Blades
  6261 | D:7      | Noticed Harold
  6280 | D:7      | HP: 3/63 [Harold/war axe (12)]
  6283 | D:7      | Killed Harold
  6283 | D:7      | Reached skill level 8 in Long Blades
  6373 | D:7      | Gained mutation: You have sharp fingernails. [demonic ancestry]
  6373 | D:7      | Reached XP level 9. HP: 22/69 MP: 9/9
  6854 | D:7      | Noticed Prince Ribbit
  6865 | D:7      | Killed Prince Ribbit
  7417 | D:8      | Reached skill level 9 in Long Blades
  7488 | D:8      | Noticed a kobold demonologist
  7497 | D:8      | Killed a kobold demonologist
  7551 | D:8      | Found a glowing golden altar of the Shining One.
  7675 | D:8      | Noticed Psyche
  7681 | D:8      | Killed Psyche
  7744 | D:8      | Reached XP level 10. HP: 66/79 MP: 10/10
  7829 | D:8      | Noticed a two-headed ogre
  7836 | D:8      | Killed a two-headed ogre
  7836 | D:8      | Reached skill level 10 in Long Blades
  9212 | D:9      | Found a staircase to the Orcish Mines.
  9294 | D:10     | Entered Level 10 of the Dungeon
  9411 | D:10     | Noticed Josephine
  9418 | D:10     | Killed Josephine
  9740 | D:10     | Reached skill level 11 in Long Blades
 10480 | D:11     | Found a staircase to the Lair.
 10484 | D:11     | Reached XP level 11. HP: 87/87 MP: 11/11
 10485 | D:11     | Noticed a white ugly thing
 10502 | D:11     | Slain by a white ugly thing

Vault maps used:
D:1:      dpeg_arrival_solitude
D:3:      gammafunk_ghost_smash, kennysheep_generic_room_11, uniq_natasha
D:4:      minmay_temple_entry_nine_rooms, serial_shops, shop, minmay_lizard_king
D:5:      serial_curves, eino_curves_01, eino_curves_03, first_ration,
          minmay_tree_intersection
D:6:      lemuel_doored_altar, uniq_pikel, uniq_edmund
D:7:      uniq_harold, uniq_prince_ribbit1
D:8:      special_room, nicolae_tso_swordbearing_angel, uniq_psyche
D:9:      david_orc_4
D:10:     uniq_josephine
D:11:     due_lair_maze_entry_diamond, minivault_20, uniq_gastronok

Skill      XL: |  1  2  3  4  5  6  7  8  9 10 |
---------------+-------------------------------+-----
Long Blades    | 3 4 5 6 8 9 11 | 11.3
Dodging        | 3 4 5 6 7 8 |  8.4
Fighting       | 3 4 6 7 8 |  8.8
Throwing       | |  1.7

Action                   |  1- 3 |  4- 6 |  7- 9 | 10-12 || total
-------------------------+-------+-------+-------+-------++-------
Melee: Long sword        |    55 |   107 |   210 |   148 ||   520
       Falchion          |       |       |       |    36 ||    36
  Use: Scroll            |       |       |     2 |       ||     2
 Stab: Distracted        |       |       |     3 |     3 ||     6
  Eat: Chunk             |     2 |     9 |     8 |     8 ||    27
       Ration            |       |       |     2 |       ||     2
Armor: Leather armour    |    15 |    29 |     7 |       ||    51
       Ring mail         |       |       |    61 |    65 ||   126
Dodge: Dodged            |    35 |    67 |   121 |   155 ||   378
       Rpst.: Long sword |    13 |    23 |    33 |    30 ||    99
       Falchion          |       |       |       |    11 ||    11

Table legend:
 A = Spawn XP
 B = Non-spawn XP
 C = Spawn XP percentage of total XP
 D = Spawn monster count
 E = Non-spawn monster count
 F = Spawn count percentage of total count
 G = Total turns spent on level
                    A         B        C        D         E        F      G
               +---------+---------+-------+---------+---------+-------+---------
         Total |       0 |   11435 |   0.0 |       0 |     243 |   0.0 | 10502
               +---------+---------+-------+---------+---------+-------+---------
           D:1 |       0 |      43 |   0.0 |       0 |      19 |   0.0 |  1167
           D:2 |       0 |      67 |   0.0 |       0 |      20 |   0.0 |   967
           D:3 |       0 |     121 |   0.0 |       0 |      14 |   0.0 |   943
           D:4 |       0 |      88 |   0.0 |       0 |      10 |   0.0 |   567
           D:5 |       0 |     331 |   0.0 |       0 |      14 |   0.0 |  1068
           D:6 |       0 |    1212 |   0.0 |       0 |      16 |   0.0 |  1521
           D:7 |       0 |    1982 |   0.0 |       0 |      32 |   0.0 |  1136
           D:8 |       0 |    2412 |   0.0 |       0 |      33 |   0.0 |   923
           D:9 |       0 |    1369 |   0.0 |       0 |      34 |   0.0 |  1002
          D:10 |       0 |    2571 |   0.0 |       0 |      37 |   0.0 |  1126
          D:11 |       0 |    1239 |   0.0 |       0 |      14 |   0.0 |    82
               +---------+---------+-------+---------+---------+-------+---------
